 Dungeon Crawl Stone Soup version 0.29.1-12-g30fa7ad0bf (webtiles) character file.

Game seed: 12004733044111606503

4469 sweetbreads the Covert (level 10, 0/49 HPs)
             Began as a Spriggan Enchanter on Jan 7, 2023.
             Slain by a gnoll sergeant
             ... wielding a +5 spear of flaming
              (1 damage)
             ... on level 9 of the Dungeon.
             The game lasted 00:44:08 (10651 turns).

sweetbreads the Covert (Spriggan Enchanter)        Turns: 10651, Time: 00:44:09

Health: 0/49       AC:  6    Str:  4    XL:     10   Next: 15%
Magic:  12/26      EV: 26    Int: 21    God:
Gold:   353        SH:  0    Dex: 16    Spells: 3/17 levels left

rFire   . . .      SeeInvis +   a - +5 dagger (venom)
rCold   + . .      Faith    .   (no shield)
rNeg    . . .      Spirit   .   O - +2 robe {rC+}
rPois   .          Reflect  .   (helmet restricted)
rElec   .          Harm     .   u - +1 cloak
rCorr   .          Rampage  .   (gloves unavailable)
Will    +....                   (boots unavailable)
Stlth   ++++......              (no amulet)
HPRegen 0.16/turn               e - ring of magical power
MPRegen 0.20/turn               J - +4 ring of evasion

@: very quick
A: very small, no large weapons, unfitting armour, see invisible, speed 3
a: no special abilities


You were on level 9 of the Dungeon.
You visited 2 branches of the dungeon, and saw 10 of its levels.

You collected 547 gold pieces.
You spent 194 gold pieces at shops.

Inventory:

Hand Weapons
 a - a +5 dagger of venom (weapon)
 b - a +0 dagger of electrocution
Missiles
 i - 9 poisoned darts (quivered)
 B - 7 throwing nets
 M - 2 curare-tipped darts
Armour
 u - a +1 cloak (worn)
 O - a +2 robe of cold resistance (worn)
Jewellery
 e - a ring of magical power (left hand)
 m - a ring of protection from cold
 J - a +4 ring of evasion (right hand)
 K - a ring of positive energy
Wands
 k - a wand of paralysis (25)
 C - a wand of iceblast (11)
 I - a wand of flame (9)
Scrolls
 f - 6 scrolls of enchant weapon
 h - 4 scrolls of teleportation
 l - 2 scrolls of identify
 n - 3 scrolls of amnesia
 E - a scroll of enchant armour
 H - a scroll of fog
 R - a scroll of fear {unknown}
Potions
 c - 3 potions of invisibility
 g - a potion of heal wounds
 p - 2 potions of might
 t - 4 potions of curing
 w - a potion of berserk rage {unknown}
 A - 2 potions of resistance
 G - a potion of flight
 S - a potion of ambrosia {unknown}


   Skills:
 * Level 3.9 Fighting
 - Level 6.0 Short Blades
 * Level 8.6 Dodging
 - Level 10.0 Stealth
 - Level 4.0 Spellcasting
 - Level 10.0 Hexes
 * Level 3.9 Necromancy
 * Level 3.4 Translocations


You had 3 spell levels left.
You knew the following spells:

 Your Spells              Type           Power      Damage    Failure   Level
a - Ensorcelled Hibernat  Hex/Ice        50%        N/A       2%          2
b - Confusing Touch       Hex            46%        N/A       1%          3
c - Tukima's Dance        Hex            46%        N/A       1%          3
d - Vampiric Draining     Necr           20%        2d7       7%          3
e - Slow                  Hex            100%       N/A       1%          1
f - Blink                 Tloc           36%        N/A       4%          2

Your spell library contained the following spells:

 Spells                   Type           Power      Damage    Failure   Level
 Dazzling Flash           Conj/Hex       50%        N/A       4%          3
 Gell's Gravitas          Tloc           18%        N/A       9%          3
 Lesser Beckoning         Tloc           18%        N/A       9%          3
 Teleport Other           Tloc           18%        N/A       9%          3
 Magic Dart               Conj           16%        1d3       12%         1
 Searing Ray              Conj           8%         2d4       19%         2
 Fulminant Prism          Conj/Hex       12%        3d9       16%         4
 Manifold Assault         Tloc           18%        N/A       63%         5
 Dispersal                Tloc           9%         N/A       99%         6


Dungeon Overview and Level Annotations

Branches:
Dungeon (9/15)             Temple (1/1) D:5
   Lair: D:8-11         Orc: D:9-12

Altars:
Ashenzari
Cheibriados
Dithmenos
Elyvilon
Fedhas
Gozag
Hepliaklqana
Kikubaaqudgha
Makhleb
Nemelex Xobeh
Okawaru
Qazlal
Ru
Sif Muna
Trog
Uskayaw
Vehumet
Wu Jian
Xom
Yredelemnul
Zin
The Shining One

Shops:
D:3 :   D:8 [

Annotations:
D:5 2 transporters
D:7 3 runed translucent doors, mkat's ghost, novice OgVM


Innate Abilities, Weirdness & Mutations

You are very small and have problems with some larger weapons.
You are too small for most types of armour.
You have supernaturally acute eyesight. (SInv)
You cover ground extremely quickly. (Speed+++)


Message History

Aim: a gnoll sergeant, wielding a +5 spear of flaming and wearing a +0 ring mail (chance to affect: 56%)
The gnoll sergeant resists with significant effort.
The gnoll closely misses you.
The gnoll hits you from afar with a +0 spear.
The gnoll sergeant hits you with a +5 spear of flaming.
* * * LOW HITPOINT WARNING * * *
The gnoll sergeant burns you.
* * * LOW HITPOINT WARNING * * *
Unknown command.
Unknown command.
Casting: Ensorcelled Hibernation (safe; 2% risk of failure)
Confirm with . or Enter, or press ? or * to list all spells.
Aiming: Ensorcelled Hibernation (safe; 2% risk of failure)
Press: ? - help, Shift-Dir - straight line, f/p - gnoll sergeant
Aim: a gnoll sergeant, wielding a +5 spear of flaming and wearing a +0 ring mail (chance to affect: 56%)
Okay, then.
Unknown command.
Casting: Ensorcelled Hibernation (safe; 2% risk of failure)
Confirm with . or Enter, or press ? or * to list all spells.
You blink.
The gnoll barely misses you.
You feel stable enough to blink again.
Found a potion of curing.
Casting: Blink (safe; 4% risk of failure)
Confirm with . or Enter, or press ? or * to list all spells.
Aiming: Ensorcelled Hibernation (safe; 2% risk of failure)
Press: ? - help, Shift-Dir - straight line, f/p - gnoll sergeant
Aim: a gnoll sergeant, wielding a +5 spear of flaming and wearing a +0 ring mail (chance to affect: 56%)
The gnoll sergeant resists with significant effort.
The gnoll barely misses you.
The gnoll sergeant hits you with a +5 spear of flaming.
* * * LOW HITPOINT WARNING * * *
The gnoll sergeant burns you.
* * * LOW HITPOINT WARNING * * *
Unknown command.
Unknown command.
The gnoll misses you.
The gnoll sergeant hits you from afar with a +5 spear of flaming.
* * * LOW HITPOINT WARNING * * *
The gnoll sergeant burns you.
You die...

########################
.........gg........(....
#......@###.............
#.......#
#......)ยง)....
........g..........<....
###..!.............)....
#####.................
#.................
#.........####.###
#....###### .. .... ...


You could see a gnoll sergeant and 2 gnolls.

Vanquished Creatures
  Joseph (D:7)
  A hornet (D:8)
  Sigmund (D:5)
  A wyvern (D:8)
  A steam dragon (D:3)
  A water moccasin (D:6)
  Duvessa (D:5)
  3 black bears (D:6)
  An ogre (D:5)
  2 orc warriors (D:7)
  2 ice beasts
  3 centaurs
  2 kobold brigands (D:8)
  2 bullfrogs (D:7)
  5 scorpions
  5 gnoll sergeants (D:8)
  Dowan (D:5)
  3 killer bees
  A howler monkey (D:5)
  4 jellies
  An orc priest (D:7)
  9 hounds
  7 iguanas
  3 gnoll boudas (D:8)
  2 orc wizards (D:8)
  9 adders
  30 gnolls
  3 shadow imps
  2 white imps
  An ufetubus (D:6)
  2 worms
  A dart slug (D:4)
  17 orcs
  2 bats
  6 endoplasms
  A giant cockroach (D:3)
  9 goblins
  9 hobgoblins
  8 jackals (D:8)
  3 quokkas
  5 ball pythons
  A frilled lizard (D:2)
  9 kobolds
  6 rats
187 creatures vanquished.

Notes
Turn   | Place    | Note
-------+----------+-------------------------------------------
     0 | D:1      | sweetbreads the Spriggan Enchanter began the quest for the
                  | Orb.
     0 | D:1      | Reached XP level 1. HP: 9/9 MP: 5/5
   317 | D:1      | Found a faded altar of an unknown god.
   624 | D:1      | Reached XP level 2. HP: 13/13 MP: 6/6
   627 | D:1      | Learned a level 2 spell: Ensorcelled Hibernation
   962 | D:2      | Found a white marble altar of Elyvilon.
  1574 | D:2      | Reached skill level 5 in Stealth
  1605 | D:2      | Reached XP level 3. HP: 10/16 MP: 8/8
  2228 | D:3      | Learned a level 3 spell: Confusing Touch
  2232 | D:3      | Learned a level 3 spell: Tukima's Dance
  2233 | D:3      | Noticed a steam dragon
  2235 | D:3      | Found a hide-covered altar of Uskayaw.
  2235 | D:3      | Noticed an ice beast
  2242 | D:3      | Found a basalt altar of Yredelemnul.
  2247 | D:3      | Found a sacrificial altar of Ru.
  2255 | D:3      | Found a transporter.
  2302 | D:3      | Found a transporter.
  2336 | D:4      | Reached XP level 4. HP: 11/21 MP: 9/9
  2742 | D:3      | Found Emmepnan's Book Boutique.
  3044 | D:4      | You fall into a shaft and drop 2 floors!
  3167 | D:6      | Reached XP level 5. HP: 18/24 MP: 9/10
  3339 | D:5      | Entered Level 5 of the Dungeon
  3339 | D:5      | Found a transporter.
  3345 | D:5      | Found a transporter.
  3426 | D:6      | Noticed a water moccasin
  3435 | D:5      | Noticed Sigmund
  3438 | D:5      | Reached XP level 6. HP: 28/28 MP: 11/11
  3440 | D:5      | Killed Sigmund
  3441 | D:5      | Reached skill level 5 in Hexes
  3558 | D:5      | Found a sparkling altar of Nemelex Xobeh.
  3567 | D:5      | Reached XP level 7. HP: 32/32 MP: 12/12
  3953 | D:5      | Reached skill level 10 in Stealth
  3954 | D:5      | Noticed Dowan
  4797 | D:5      | Found a staircase to the Ecumenical Temple.
  4803 | Temple   | Entered the Ecumenical Temple
  5226 | D:6      | Reached skill level 5 in Short Blades
  5402 | D:7      | Reached XP level 8. HP: 17/36 MP: 8/13
  5867 | D:7      | Found a runed translucent gate.
  5867 | D:7      | Found a runed translucent gate.
  5867 | D:7      | Found a runed translucent gate.
  5875 | D:7      | Noticed mkat's ghost (novice OgVM)
  5892 | D:7      | Noticed Joseph
  6080 | D:7      | Killed Joseph
  6484 | D:7      | Found a bloodstained altar of Trog.
  6707 | D:7      | Reached XP level 9. HP: 40/40 MP: 16/16
  6711 | D:7      | Reached skill level 10 in Hexes
  6718 | D:7      | Reached skill level 1 in Fighting
  6722 | D:7      | Learned a level 3 spell: Vampiric Draining
  6954 | D:8      | Reached skill level 5 in Dodging
  7101 | D:8      | Reached skill level 1 in Necromancy
  7641 | D:5      | Noticed Duvessa
  7710 | D:5      | Killed Duvessa
  7715 | D:5      | Killed Dowan
  8746 | D:7      | Learned a level 1 spell: Slow
  8749 | D:7      | Learned a level 2 spell: Blink
  9022 | D:8      | Reached skill level 1 in Translocations
  9177 | D:8      | Found Vuaca's Armour Boutique.
  9180 | D:8      | Bought a +2 robe of cold resistance for 194 gold pieces
  9501 | D:8      | Reached XP level 10. HP: 29/49 MP: 15/17
 10230 | D:9      | Identified a scroll of acquirement
 10230 | D:9      | Acquired a There-And-Back Book
 10651 | D:9      | HP: 1/49 [gnoll sergeant/+5 spear of flaming (3)]
 10651 | D:9      | Slain by a gnoll sergeant

Illustrated notes

Levels and vault maps discovered:
D:1:      heliophobic_arrival_ceremonial_halls, layout_basic,
          hellmonk_ecumenical_altar_crossroads, serial_park_tiny_pond
D:2:      cheibrodos_greedy_goblins, layout_basic, basic_altar,
          kennysheep_generic_room_14
D:3:      layout_basic, gammafunk_temple_overflow_arena, serial_shops,
          nicolae_shop_behind_doors
D:4:      layout_rooms, kennysheep_generic_room_8
D:5:      gammafunk_steamed_eel, layout_gridville, mainiacjoe_overflow_24_doors,
          minmay_temple_entry_fiery, uniq_sigmund, uniq_duvessa
D:6:      layout_rooms, serial_curves, eino_curves_02, eino_curves_01
D:7:      layout_loops_cross, trog_butcher_becter, ebering_ghost_rock_garden,
          kennysheep_generic_room_9, uniq_joseph
D:8:      layout_cave_pools, serial_shops, kennysheep_mini, serial_gnoll_camp,
          gnoll_camp_mini_doghouse, gnoll_camp_medium_01, gnoll_camp_medium_02,
          gnoll_camp_mini_hut, gnoll_camp_huts_basic
D:9:      layout_stronghold, due_lair_maze_entry_diamond
Temple:   nicolae_temple_bog_church

Skill      XL: |  1  2  3  4  5  6  7  8  9 10 |
---------------+-------------------------------+-----
Spellcasting   | 3 4 |  4.0
Dodging        | 3 4 8 |  8.6
Hexes          | 4 5 7 9 10 | 10.0
Stealth        | 5 6 7 8 9 10 | 10.0
Short Blades   | 2 3 4 5 6 |  6.0
Fighting       | 3 |  3.9
Necromancy     | 3 |  3.9
Translocations | 2 3 |  3.4

Action                   |  1- 3 |  4- 6 |  7- 9 | 10-12 || total
-------------------------+-------+-------+-------+-------++-------
Melee: Dagger            |    78 |    49 |   225 |    26 ||   378
       Punch             |       |       |     1 |       ||     1
 Cast: Ensorcelled Hiber |    17 |    24 |    96 |    32 ||   169
       Confusing Touch   |       |       |    10 |       ||    10
       Tukima's Dance    |       |       |     3 |       ||     3
       Blink             |       |       |       |     1 ||     1
  Use: Scroll            |       |       |    14 |    10 ||    24
       Potion            |       |       |     1 |       ||     1
 Stab: Sleeping          |    17 |    22 |    67 |    16 ||   122
       Confused          |       |       |     9 |       ||     9
       Distracted        |       |       |     1 |       ||     1
Armor: Robe              |     8 |     4 |    14 |     5 ||    31
Dodge: Dodged            |    46 |    24 |   225 |    60 ||   355
